 Dungeon Crawl Stone Soup version 0.20.1-1-g8b1a95d (webtiles) character file.

22 bosm the Slasher (level 2, 0/22 HPs)
             Began as a Demonspawn Gladiator on Aug 20, 2017.
             Succumbed to an adder's poison
             ... on level 2 of the Dungeon.
             The game lasted 00:02:29 (1867 turns).

bosm the Slasher (Demonspawn Gladiator)             Turns: 1867, Time: 00:02:29

Health: 0/22       AC:  4    Str: 14    XL:     2   Next: 68%
Magic:  1/2        EV: 12    Int: 14    God:
Gold:   87         SH:  0    Dex: 14    Spells: 1/1 levels left

rFire    . . .     SeeInvis .   q - +2 whip (flame)
rCold    . . .     Gourm    .   (no shield)
rNeg     . . .     Faith    .   b - +0 leather armour
rPois    .         Spirit   +   c - +0 helmet
rElec    .         Reflect  .   (no cloak)
rCorr    .         Harm     .   (no gloves)
MR       .....                  (no boots)
Stlth    ..........             (no amulet)
Regen    0.1/turn               e - ring of loudness (curse)
MPRegen  0.1/turn               (no ring)

@: brilliant, lethally poisoned (0 -> -9), very slightly contaminated, invisible
A: magic shield
a: no special abilities


You were on level 2 of the Dungeon.
You were near starving.

You visited 1 branch of the dungeon, and saw 2 of its levels.

You collected 87 gold pieces.

Inventory:

Hand Weapons
 a - a +0 long sword
 q - a +2 whip of flaming (weapon)
Missiles
 d - 3 throwing nets (quivered)
Armour
 b - a +0 leather armour (worn)
 c - a +0 helmet (worn)
Jewellery
 e - a cursed ring of loudness (left hand)
Scrolls
 g - a scroll of noise {unknown}
 i - a scroll of enchant armour {unknown}
 j - 2 scrolls of identify {unknown}
 l - 2 scrolls of blinking {unknown}
 m - 3 scrolls of teleportation {unknown}
Comestibles
 f - a bread ration
 k - a meat ration
 o - 2 royal jellies


   Skills:
 + Level 2.0 Fighting
 * Level 3.6 Long Blades
 - Level 1.7 Throwing
 - Level 2.6 Dodging


You had one spell level left.
You didn't know any spells.

Dungeon Overview and Level Annotations

Branches:
Dungeon (2/15)

Altars:
Xom


Innate Abilities, Weirdness & Mutations

When hurt, damage is shared between your health and your magic reserves.


Message History

You feel sick. The adder bites you. The adder closely misses you.
It was a potion of brilliance.
You feel clever all of a sudden.
* * * LOW HITPOINT WARNING * * *
You feel sick. The adder misses you.
It was a potion of invisibility.
You fade into invisibility!
* * * LOW HITPOINT WARNING * * *
You feel sick. The adder closely misses you.
You are very lightly contaminated with residual magic.
You hit the adder. You burn the adder.
The adder is almost dead.
* * * LOW HITPOINT WARNING * * *
You feel sick. The adder closely misses you. The adder barely misses you.
You miss the adder.
The adder is almost dead.
The adder barely misses you.
Your leather armour prevents you from hitting the adder.
The adder is almost dead.
You die...

#........#.#.......# ######
#........#.#.....#.# .....#
#........#.#..####.#
#.##.###........#.#..# #.#
#.#....'..........#..# #.###
#.######........###..####.#.#
............................#
####################.####.#.#
......S@.......#.#.#
###########.##.#.#.#
#.##.#.#.# #.# #.##.#>#.# #.#
#.##.#.#.# #.# #.##.#.#.# #.#
#.##.#.#.# #.#
######.##.#.#.# #.#
#......##.#.#.#


You could see an adder.

Vanquished Creatures
  A giant cockroach (D:2)
  A goblin (D:1)
  4 hobgoblins
  2 quokkas (D:2)
  10 kobolds
  2 rats
20 creatures vanquished.

Notes
Turn   | Place    | Note
-------+----------+-------------------------------------------
     0 | D:1      | bosm the Demonspawn Gladiator began the quest for the Orb.
     0 | D:1      | Reached XP level 1. HP: 16/16 MP: 1/1
   217 | D:1      | Reached skill level 3 in Long Blades
   905 | D:1      | Gained mutation: When hurt, damage is shared between your health and your magic reserves. [demonic ancestry]
   905 | D:1      | Reached XP level 2. HP: 22/22 MP: 2/2
  1416 | D:2      | Found a shimmering altar of Xom.
  1865 | D:2      | HP: 1/22 [poisoned by an adder]
  1867 | D:2      | Succumbed to an adder's poison

Skill      XL: |  1 |
---------------+----+-----
Long Blades    | 3 |  3.6
Fighting       | |  2.0
Throwing       | |  1.7
Dodging        | |  2.6

Action                   || total
-------------------------++-------
Melee: Long sword        ||    34
       Whip              ||    22
  Use: Potion            ||     3
  Eat: Chunk             ||     1
Armor: Leather armour    ||     6
Dodge: Dodged            ||    48
       Rpst.: Long sword ||    10
